[Event "44th Chess Olympiad Open 2022"]
[Site "Chennai"]
[Date "2022.08.03"]
[Round "6.50"]
[White "Mannhart, Marcel"]
[Black "Giron, Jorge Ernesto"]
[Result "1/2-1/2"]
[WhiteElo "2110"]
[BlackElo "2288"]
[Annotator "TA"]
[PlyCount "248"]
[EventDate "2022.??.??"]
[TimeControl "60"]

1. Nc3 c5 2. e4 e6 3. Nf3 a6 4. Be2 b5 5. O-O Bb7 6. d3 {[%emt 0:00:10] B40: Sicilian: 2...e6, Unusual lines.}
Be7 {[%emt 0:05:51] [#]} (6... Qc7 $142) 7. h3 $146 ({
Predecessor:} 7. Re1 d6 8. Bf1 Nf6 9. Ne2 Nbd7 10. Ng3 Nf8 11. c3 Ng6 12. d4
Rc8 13. a4 {½-½ (41) Dobrotka,M (2195)-Meszaros,N (2149) Slovakia 2018}) 7...
d5 8. exd5 {[%emt 0:01:12] White has an edge.} exd5 9. d4 c4 10. Bf4 (
10. Re1 $14) 10... Nf6 $11 11. a3 O-O 12. Ne5 Nbd7 13. Bf3 Ne4 14. Bxe4 dxe4 15. Qd2 (15. d5 $5 ) 15... Nf6 (15... Nb6 $15) 16. Qe3 (16. Rad1 $11 {keeps the
balance.}) 16... Nd5 (16... Nh5 $17 17. Bh2 Bg5) 17. Qd2 $2 (17. Qxe4 $11 f6 18. Nf3) 17... Nxf4 $19 18.
Qxf4 Bg5 (18... Qxd4 19. Rad1 Qa7 20. Nxe4
$11) (18... f6 $19 {and Black stays clearly on top.} 19. Ng4 Bd6) 19. Qf5 $17 g6 (19... e3 $5 ) 20. Qd7 Rb8 21. Rad1 Bf4 22. Qxd8 Rbxd8 23. Ng4 f5 24. Nh2 (24. Ne5 $142) 24... Rfe8 25. Rfe1 Kf7 26. g3 Bh6 (26... Bc7 $17 27. Nf1 g5) 27. Nf1 $1 $15 Rd7 28. Ne2 (28. Ne3 $11 {
remains equal.}) 28... e3 $1 $17 29. f4 Bg7 (29... g5 $1 $19 {[%cal Rg5f4] White must now prevent ...gxf4.}
30. fxg5 Bxg5) 30. c3 Bf3 (30... a5 $17 31.
Nh2 Bd5) 31. Nh2 $15 Be4 32. Rf1 $1 Bd3 {[%emt 0:03:00] A strong pair of Bishops.} 33. Rde1 a5 34. Nf3 b4 $1 35. Ne5+ Bxe5 36. fxe5 bxa3 37. bxa3 Rb8 (37... Rb7
$17 {...Rb2 is the strong threat.} 38. Rf3 Rb3 39. Rxe3 Rxa3) 38. Rf3 $11 Bxe2 39. Rxe2 {[%emt 0:00:20] Endgame KRR-KRR}
Ke6 40. Rfxe3 a4 41. Kf2 Rb3 42. Ra2 Rd8 43. Kf3 Rd5 $2 (43... g5 $11 {and Black
has nothing to worry.}) 44. g4 $1 $18 Rdb5 (
44... Rb1 {was called for.} 45. Kf4 Rf1+ 46. Kg5 (46. Rf3 g5+ 47. Kg3 f4+ 48.
Kg2 Rc1 $11) 46... f4) 45. gxf5+ gxf5 46. Rd2 Rd5 47. Ra2 (47.
Rg2 $1 $18 ) 47... Rb1 $2 {[%emt 0:00:00] [#]} (47... Rdb5 $1 $11
) 48. Kf4 (48. Rae2 $1 $16) 48... Rdb5 $1 $14 49. Rd2 Rf1+ 50. Rf3 Ra1 (50... Re1 $14) 51. Rg2 $18 Rxa3 52. Rg7 Rbb3 (52... Ra1 $142
53. Ra7 (53. Rxh7 Ra5 $18) 53... a3 54. Ra6+ Kd7 55. Kxf5 Kc7) 53. Rxh7 {
[%emt 0:00:00] Rg3 would kill now.} Rxc3 54. Rh6+ Kd7 55. Rxc3 Rxc3 {[%emt 0:00:00] KR-KR}
56. d5 {[%emt 0:00:00] Strongly threatening Rh7+.} (56. Kxf5 Rd3 $14) 56... Rd3 57. Rh7+ Kd8 {[%emt 0:00:00] [#]} 58. d6 (58. Kxf5 $6 Rxd5 59. Ra7 Rd3 $11) (58. Rh8+ $1 $16 Ke7 59. d6+
(59. Kxf5 Rxd5 60. Rh7+ Kd8 $11) 59... Ke6 60. Rh6+ Kd7 61. Rh7+ (61. Kxf5 a3
$14) 61... Kc6 62. Ra7 (62. Kxf5 a3 $16)) 58... c3 $11 {[%emt 0:00:00] The
position is equal.} 59. Kxf5 (59. Rc7 $2 a3 60. e6 Rxd6 61.
Rxc3 Ra6 $19) 59... a3 $1 {[%emt 0:00:00] And now ...a2 would win.} 60. Ke6 Kc8 {[%emt 0:00:00] aiming for ...a2.} 61. Ra7 {
[%emt 0:00:00] Threatens to win with Ke7.} Kb8 $1 62. Rxa3 c2 63. Rxd3 c1=Q {[%emt 0:00:
06] Inhibits Rc3. KQ-KR} 64. d7 Qh6+ 65. Kd5 (65. Kf7 Qh7+ 66. Ke8 Qh5+ 67. Kf8 Qf5+ 68. Kg7 Qxe5+ 69. Kh6
Qf6+ 70. Kh5 Qf5+ 71. Kh4 Qxd3 72. Kg4 Qxd7+ 73. Kg3 Kc7 74. h4 Kd6 75. Kf4
Qa4+ 76. Kg3 Ke5 77. h5 Ke4 78. h6 Qb3+ 79. Kg2 Qf3+ 80. Kg1 Qg3+ 81. Kf1 Ke3
82. h7 Qf2#) 65... Kc7 66. e6 Qg5+ 67. Kc4 Kd8 68. Kc3 Qe5+ 69. Kc2 Qxe6 70. Kc3 Qe2 71. Rd2 Qe5+ 72. Kc2 Qc5+ 73. Kb2 Qe3 74. Kc2 Qxh3 75. Rd3 Qf1 76. Rd2 Qa1 (76... Qf4 $2 77. Kc3 $19) 77. Rd3 Qa2+ 78. Kc3 Qb1 79. Kd2 Qb2+ 80. Ke1 Qc1+ 81. Ke2 Qf4 82. Ke1 Qh2 83. Kd1 Qf2 84. Kc1 Qe2 85. Rd2 Qe4 86. Kb2 Qc4 87. Rd1 Qb4+ 88. Kc2 Qa4+ 89. Kc1 Qc6+ (89... Qb3 $2 90. Rd2 $19) 90. Kb2 Qb5+ 91. Kc3 Qa4 92. Rd3 Qa2 93. Rd1 Qa3+ 94. Kc2 $1 Qa4+ 95. Kc1 Qa2 ({Avoid the trap} 95... Qb3 $2 96. Rd2 $19) 96. Rd3 Qc4+ 97. Kd2 Qc5 98. Ke2 Qc1 99. Kf2 Qc2+ 100. Ke3 Qg2 (100...
Qc4 $2 101. Kd2 $19) 101. Rd2 Qf1 {[%emt 0:00:37] Hoping for .
..Qe1+.} 102. Rd3 Qe1+ 103. Kf3 $1 Qe7 104. Kf2 Qe5 105. Rd2 Qe4 106. Rd1 Qf4+ 107. Ke2 Qh2+ 108. Ke3 Qg3+ 109. Ke2 Qg4+ 110. Ke1 Qg2 ({Don't blunder} 110...
Qf3 $2 111. Rd2 $19) 111. Rd3 Qg1+ 112. Ke2 Qc1 113. Rd2 Qc6 114. Rd3 Qg2+ 115. Ke1 Qc2 116. Rd2 Qf5 ({Not} 
116... Qc4 $2 117. Kd1 $19) 117. Ke2 Qh3 118.
Kf2 Qe6 119. Rd3 Qe5 120. Rd2 Qe4 121. Rd1 Qh4+ 122. Ke2 Qg4+ 123. Ke1 Qf3 124. Rd2 $1 Qh5 {[%emt 0:00:46] What a fight! Weighted Error Value: White=0.29 
(precise) / Black=0.39} 1/2-1/2

[Event "44th Chess Olympiad Open 2022"]
[Site "Chennai"]
[Date "2022.08.03"]
[Round "6.50"]
[White "Jelic, Dejan"]
[Black "Burgos Figueroa, Carlos E."]
[Result "0-1"]
[WhiteElo "1905"]
[BlackElo "2164"]
[Annotator "NA RC"]
[PlyCount "60"]
[EventDate "2022.??.??"]
[TimeControl "60"]

1. d4 c5 2. Nf3 cxd4 3. Nxd4 Nc6 4. Nb3 d5 5. Nc3 Nf6 6. Bf4 e5 7. Bg5 d4 8. Bxf6 gxf6 9. Nb1 a5 10. a4 Be6 11. e3 Bb4+ 12. c3 dxc3 13.
Qxd8+ Rxd8 14. bxc3 Bxb3 15. cxb4 Rd1+ 16. Ke2 Nxb4 17. Kf3 Ke7 18. Nd2 Rxd2 19. Bb5 e4+ 20. Kg3 Rg8+ 21. Kh4 Rxg2 22. Rac1 Rdxf2 23. Rc7+ Kf8 24. Rc8+ Kg7 25. h3 Nd5 26. Bf1 Ne7 27. Bxg2 Rxg2 28. Rc5 Bd5 29. Rf1 Ng6+ 30. Kh5 Rg5# 0-1

[Event "44th Chess Olympiad Open 2022"]
[Site "Chennai"]
[Date "2022.08.03"]
[Round "6.51"]
[White "Mc Intosh, Isaiah"]
[Black "Hsu, Hsuan-Ming"]
[Result "1/2-1/2"]
[WhiteElo "2215"]
[BlackElo "1900"]
[Annotator "TA"]
[PlyCount "64"]
[EventDate "2022.??.??"]
[TimeControl "60"]

1. d4 Nf6 2. c4 g6 3. Nc3 Bg7 4. e4 d6 5. Be2 O-O 6. Be3 e5 7. d5 Na6 8. g4 {[%emt 0:01:03][%cal Yg2g4,Yg4g5] E73: King's Indian: Averbakh Variation
without 6...c5.} Nc5 9. f3 a5 {[%emt 0:03:54]
9...h5 deserves study.} 10. h4 {[%emt 0:01:37] White is slightly better.} h5 11. g5 Ne8 12. Qd2 Bd7 13. Nh3 Qe7 {[%emt 0:09:51] [#]}
14. Nf2 $146 ({Predecessor:} 14. O-O-O Na6 15. Kb1 b6 16. Rdg1
Nc5 17. Bd1 c6 18. Bxc5 bxc5 19. Ba4 Bxh3 20. Rxh3 cxd5 21. Nxd5 {1-0 (37)
Vogel,R (2493)-Kugelmann,W (2100) Tegernsee 2017}) 14... Kh7 15. O-O-O f5 16. gxf6 Nxf6 17. Nh3 Bxh3 18. Rxh3 Ng8 19. Rg1 Bh6 {[%emt 0:02:18] [#]} 20. Rhg3 $1 Rf6 21. Nd1 Qg7 22. Kb1 Bxe3 23. Nxe3 Qh6 24. Rg5 Ne7 25. R1g3 b6 26. Bf1 ({Better is} 26. Nd1 $14) 26... Raf8 $11 27. Qg2 R8f7 {[%emt 0:02:27] [#] Hoping for ..
.Qf8.} 28. Be2 Rf4 29. Qh1 R4f6 30. Kc2 (30. Nd1 $14 {deserves
consideration.}) 30... Qf8 {[%emt 0:01:08] The position is equal.} 31. Nd1 Rf4 32. Nf2 R7f6 {[%emt 0:02:
25] Weighted Error Value: White=0.10 (very precise) / Black=0.07 (flawless)}
1/2-1/2

[Event "44th Chess Olympiad Open 2022"]
[Site "Chennai"]
[Date "2022.08.03"]
[Round "6.51"]
[White "Harper, Ryan"]
[Black "Yan, Austin K"]
[Result "0-1"]
[WhiteElo "2208"]
[BlackElo "1568"]
[Annotator "TA"]
[PlyCount "64"]
[EventDate "2022.??.??"]
[TimeControl "60"]

1. e4 c5 2. Nf3 d6 3. d4 cxd4 4. Nxd4 Nf6 5. Nc3 Nc6 6. Bg5 e6 7. Qd2 a6 8. O-O-O Bd7 9. f3 Nxd4 10. Qxd4 Be7 11. h4 h5 {[%emt 0:09:18] B67: Sicilian:
Richter-Rauzer: 7...a6 8 0-0-0 Bd7, lines without 9 f4 Be7.} 12. Kb1 Rc8 13. f4 {[%emt 0:05:09] [#]} Qc7 $146 {[%emt 0:00:
00][%cal Yd6d5] White is slightly better.} ({Predecessor:} 13... Bc6 14. Be2
Qc7 15. Bf3 e5 16. Qd2 b5 17. fxe5 dxe5 18. Nd5 Bxd5 19. exd5 Qd6 {1-0 (49)
Bezemer,A (2276)-Van der Poel,H (2295) Netherlands 2001}) 14. Rd2 ({White should play} 14. Be2 $1 $14) 14... e5 (14... Qc5
$11) 15. Qd3 $14 Bc6 16. f5 (16. g3 $16) 16... Nd7 (16... Ng4 $14) 17. Bxe7 {[%emt 0:00:
00] White is more active.} (17. Be2 $16) 17... Kxe7 $11 18.
Qe3 b5 19. a3 (19. Ne2 $5 ) 19... Nf6 20. Be2 $1 Rhd8 21. Qg5 Kf8 22. Bf3 {[%emt 0:
00:00] [#]} (22. Rh3 $11) 22... a5 $1 $17 {[%emt 0:02:19] White must now
prevent ...b4.} 23. Nd5 {[%emt 0:05:54] Inhibits b4.} (23. Rh3 $17) 23... Bxd5
$19 24. exd5 b4 {[%emt 0:00:01] Hoping for ..
.bxa3.} 25. a4 b3 ({Better is} 25... Re8 $19
{[%cal Yb4b3] And now ...b3! would win.} 26. Re1 e4) 26. cxb3 $17 Qb6 27. Bxh5 $2 {[%emt 0:06:17] [#] This costs White the
game.} (27. Rh3 $17) 27... Ne4 $19 {[%emt 0:01:11] Black is clearly winning.}
28. f6 Nxg5 29. hxg5 Qe3 30. Be2 Kg8 31. Rd3 Qxg5 (31... Qxe2 {is a self mate.} 32. Rdh3 Qc2+ 33.
Ka2) 32. Rdh3 gxf6 {[%emt 0:00:36] Weighted Error Value:
White=0.70/Black=0.16 (very precise)} 0-1

[Event "44th Chess Olympiad Open 2022"]
[Site "Chennai"]
[Date "2022.08.03"]
[Round "6.51"]
[White "Liu, Yeh Yang"]
[Black "Johnson, Joshua"]
[Result "0-1"]
[WhiteElo "1994"]
[BlackElo "2178"]
[Annotator "RC"]
[PlyCount "120"]
[EventDate "2022.??.??"]
[TimeControl "60"]

1. e4 e5 2. Nc3 Nf6 3. g3 c6 4. d4 Qa5 5. Bg2 Bb4 6. Nge2 d5 7. O-O Nxe4 8. Nxe4 dxe4 9. c3 Be7 10. Bxe4 Nd7 11. Re1 O-O 12. Bg2 exd4 13. Nxd4 Bf6 14. Bf4 Qb6 15. Nb3 Rd8 16. Qc2 Nf8 17. Be3 Qc7 18. Bf4 Qb6 19. Be3 Qc7 20. Nc5 Ne6 21. Ne4 Be7 22. a4 f5 23. Nd2 f4 24. gxf4 Bd6 25. f5 Nf4 26. Be4 Rf8 27. Nf3 Qf7 28.
Red1 Bc7 29. Bc5 Bxf5 30. Bxf5 Qxf5 31. Qxf5 Rxf5 32. Rd7 Ne6 33. Nd4 Bxh2+ 34. Kxh2 Rxf2+ 35. Kg1 Nxc5 36. Rxb7 Raf8 37. Rxa7 R2f6 38. Re1 Rg6+ 39. Kh1 Rh6+ 40. Kg1 Rg6+ 41. Kh1 Nd3 42. Re6 Rg4 43. Ree7 h5 44. Ne6 Rf1+ 45. Kh2 Rf2+ 46. Kh1 Rf1+ 47. Kh2 Rf2+ 48. Kh1 Rfg2 49. Rxg7+ Rxg7 50. Rxg7+ Rxg7 51.
Nxg7 Kxg7 52. b4 Nb2 53. a5 Nc4 54. Kg2 Kf6 55. a6 Ke5 56.
a7 Nb6 57. Kf3 Kd5 58. Kf4 Kc4 59. Ke5 h4 60. Kd6 Nc8+ 0-1

[Event "44th Chess Olympiad Open 2022"]
[Site "Chennai"]
[Date "2022.08.03"]
[Round "6.51"]
[White "Wu, Bing-Shen"]
[Black "Winter Atwell, Adrian"]
[Result "0-1"]
[WhiteElo "1660"]
[BlackElo "2250"]
[Annotator "NA RC"]
[PlyCount "74"]
[EventDate "2022.??.??"]
[TimeControl "60"]

1. c4 e5 2. Nc3 Bb4 3. g3 Bxc3 4. dxc3 d6 5. e4 Nc6 6. Be3 Nge7 7. f3 O-O 8. Nh3 f5 9. Nf2 Be6 10. Bd3 f4 11. Bd2 Ng6 12. Be2 Qf6 13.
Qc2 Rad8 14. O-O-O a6 15. b3 Na5 16. Nd3 b5 17. c5 Nb7 18. c6 Na5 19. Nb4 Ra8 20. c4 Qf7 21. cxb5 axb5 22. Rhf1 Rfb8 23. Bd3 Rb6 24. gxf4 Nxf4 25. Be3 Rbb8 26. Bxf4 Qxf4+ 27. Kb2 Nc4+ 28.
Bxc4 bxc4 29. Nd5 Bxd5 30. exd5 cxb3 31. axb3 Qb4 32. Rd3 Rb5 33. Ra1 Rab8 34. Qc3 Qf4 35. Qc2 Rc5 36. Qe2 h6 37. Ra7 Qc1+ 0-1

[Event "44th Chess Olympiad Open 2022"]
[Site "Chennai"]
[Date "2022.08.03"]
[Round "6.52"]
[White "Zaibi, Amir"]
[Black "Attalib, Osama A."]
[Result "1-0"]
[WhiteElo "2398"]
[BlackElo "2033"]
[Annotator "TA"]
[PlyCount "77"]
[EventDate "2022.??.??"]
[TimeControl "60"]

1. e4 e5 2. Nf3 Nc6 3. Bb5 a6 4. Ba4 Nf6 5. d3 Bc5 6. Bxc6 dxc6 7. Qe2 {[%emt 0:00:22] C77:
Ruy Lopez: 3...a6 4 Ba4 Nf6, unusual lines.} Qe7 8. Nc3 Bg4 9. h3 {[%emt 0:00:46] The position is
equal.} Bxf3 10. Qxf3 {[%emt 0:00:13] [#]} h6 $146 {[%emt 0:
00:00] Prevents Bg5.} ({Predecessor:} 10... Nd7 11. Be3 Bxe3 12. Qxe3 Nc5 13.
f4 exf4 14. Qxf4 Ne6 15. Qg3 O-O 16. O-O Nd4 {1-0 (44) Grinberg,E (2472)
-Berczes,D (2452) Charlotte 2019}) 11. Ne2 Nh7 12. Bd2 Nf6 13. O-O-O O-O-O 14. Kb1 Kb8 15. Rhf1 Rd7 16. Ng3 g6 {[%emt 0:01:23] Inhibits Nf5.} 17. Qe2 Bd6 18. f4 exf4 19. Bxf4 Bxf4 20. Rxf4 Qe5 21. Rdf1 {[%emt 0:06:37] Black is now going downhill.} Ne8 (21... Nh7 $16) 22. Qg4 $18 Qe6 (22...
f5 $142 23. exf5 (23. Qxg6 fxe4 24. Rxe4 Rg7 $16) 23... gxf5 24. Nxf5 (24. Rxf5
Qg7 $16) (24. Qxf5 Re7 $16) 24... Nd6) 23. Qxe6 ({Not} 23.
Rxf7 Qxf7 24. Rxf7 Rxf7 $16) 23... fxe6 24. Rf8 Rdh7 25. e5 Ka7 26.
Rxh8 Rxh8 {[%emt 0:00:08] Endgame KRN-KRN} 27. Rf7 {[%emt 0:
00:07] Against Ng7} Rg8 28. Ne4 Rg7 29. Rf8 Re7 30. c4 b6 31. c5 b5 32. b4 a5 33. a3 axb4 34. axb4 Kb7 35. Kc2 Ng7 36. g4 {[%emt 0:00:17]
Prevents Nf5.} ({Less strong is} 36. Rf6 Nh5 $18) 36... Nf5 (
36... Ne8 $142 37. Rg8 Ng7) 37. gxf5 exf5 {[%emt 0:02:25] [#]}
38. Nd6+ $1 cxd6 39. cxd6 {[%emt 0:00:30]
Weighted Error Value: White=0.03 (flawless) /Black=0.44} 1-0

[Event "44th Chess Olympiad Open 2022"]
[Site "Chennai"]
[Date "2022.08.03"]
[Round "6.52"]
[White "Bouzidi, Ahmed"]
[Black "Fates, Omer Salah"]
[Result "0-1"]
[WhiteElo "2148"]
[BlackElo "1940"]
[Annotator "NA RC"]
[PlyCount "96"]
[EventDate "2022.??.??"]
[TimeControl "60"]

1. e4 c5 2. c3 Nf6 3. e5 Nd5 4. d4 cxd4 5. Nf3 Nc6 6. Bc4 e6 7. O-O Nb6 8. Bb3 Be7 9. cxd4 O-O 10. Nc3 d5 11. Bc2 Nd7 12. Qd3 f5 13. exf6 Nxf6 14. a3 Qe8 15. Ne5 Qh5 16. f4 Qh4 17. Be3 Nxe5 18. fxe5 Ng4 19. Rxf8+ Bxf8 20. h3 Nxe3 21. Qxe3 Bd7 22. Kh2 g6 23. g3 Bh6 24. Qg1 Qg5 25. Re1 Rf8 26. h4 Qg4 27. Bd1 Qf5 28. Qg2 Qf2 29. Qxf2 Rxf2+ 30. Kh3 Rxb2 31. Rf1 Rd2 32. Ba4 Bxa4 33. Nxa4 b6 34. Rf6 Be3 35. Rxe6 Bxd4 36. Re8+ Kf7 37. Rc8 Ke6 38. Rc6+ Kxe5 39. Rc7 b5 40. Nc5 Kd6 41. Na6 h5 42. Rc1 Bb2 43. Rb1 Bxa3 44. Rxb5 Kc6 45. Rb8 Rb2 46. Rg8 Rb6 47. Rc8+ Kb7 48. Rc3 Rxa6 0-1

[Event "44th Chess Olympiad Open 2022"]
[Site "Chennai"]
[Date "2022.08.03"]
[Round "6.52"]
[White "Alhassadi, Yousef A."]
[Black "Boudriga, Mohamed Ali"]
[Result "0-1"]
[WhiteElo "2068"]
[BlackElo "2308"]
[Annotator "TA"]
[PlyCount "136"]
[EventDate "2022.??.??"]
[TimeControl "60"]

1. e4 c5 2. c3 d6 3. d4 Qc7 4. h3 Nf6 5. Bd3 e6 6. Nf3 {[%emt 0:00:30] B22: Sicilian: 2 c3.} Nbd7 7. O-O Be7 {[%emt 0:00:18] [#]} 8. Qe2 $146 {
[%emt 0:01:51] White is slightly better.} ({Predecessor:} 8. Be3 a6 9. a4 b6
10. Nbd2 Bb7 11. b4 c4 12. Bc2 O-O 13. Ne1 a5 14. b5 {½-½ (29) Ambrosi,E 
(2118)-Borda,L (2211) Budapest 2005}) 8... a6 9. a4 b6 10. Bf4 e5 (10...
O-O $14) 11. Bh2 O-O 12. Nbd2 Re8 13. Bc4 (13. dxe5 $16 dxe5 14. Rfd1)
13... Bb7 14. dxe5 (14. Rfc1 {is more
complex.} Rec8 15. Re1 h6 16. Rec1) 14... Nxe5 15. Bxe5 dxe5 16. Bxf7+ $2 Kxf7 $17 17. Ng5+ Kg8 (17... Kg6 $1
$17 18. Ndf3 Bd8) 18. Qc4+ $11 {[%emt 0:11:53] [#]} Nd5 $1 19. Ngf3 ({Don't go for} 19. Ne6 $2 Qd6 20.
Nxg7 (20. exd5 $2 Bxd5 21. Qg4 Bxe6 $19) 20... Kxg7 $19) 19... b5 20. Qa2 {[%emt 0:00:05] [#] Pin} c4 $1 21. exd5 Bxd5 {[%emt 0:00:17] aiming for ...e4.} 22. Rfe1 {[%emt 0:00:00]
Prevents e4.} Bf8 23. Ne4 Qc6 24. Qb1 bxa4 25. Qc2 Rab8 26. Nfg5 {[%emt 0:05:32][%cal Ye4f6] Threatening mate with
Nf6+!} Be7 {[%emt 0:05:23] Inhibits Nf6+.} 27. Re3 (27. Qxa4
$11 Qxa4 28. Rxa4) 27... Qg6 28. Nf3 a3 (28... Bc5 $15 29. Re2 Rxb2 $1 30. Qxb2 Bxe4) 29. bxa3 Bc5 30. Re2 Bf8 31. a4 h6 32. Rd1 Qc6 33. Rde1 Qg6 34. Rd1 Qc6 35. Rde1 Qg6 36. Rd1 Bc6 37. Qa2 Qf7 (37... Rb3 $5 38. Rde1 Bd5 $11) 38. Rde1 Rb3 39. Nfd2 Ra3 40. Qxc4 Qxc4 (40... Qd5 {with more
complications.} 41. Qxa6 Rxc3 42. Qb6 Rd3) 41. Nxc4 Rxa4 42. Ned2 (42. Nb6 $11 Rxe4 43. Rxe4) 42... e4
$15 43. f3 {[%emt 0:00:00] [#]} (43. Ne3 $1 $15) 43... Rc8 (43... a5 $142 $1 44. Kh2 Ra2 45. fxe4 a4) 44. Ne5 $17 exf3 45. gxf3 Be8 (45... Bd5 $17 46. c4 Be6) 46. Ne4 $15 Bb5 ({Better is} 46... Ra5 $17 47. f4 Bc6 48. Nxc6 Rxc6) 47. Rd2 Be7 48. Ng6 Ba3 49.
h4 (49. Ne5 $11 {keeps the balance.}) 49... Kh7 50. Rg2 (50. Ne5 $15) 50... Be8 ({
Black should play} 50... Re8 $17 {Threatens to win with ...Bc6.} 51. h5 Bc6)
51. Nf4 $1 Bf7 {[%emt 0:00:26] Against Ne6} 52. Rd1 Rc7 {[%emt 0:00:07] Against Rd7} (52... Bc5+ $17 53. Kh2 Be3) 53. Rd8 {
[%emt 0:00:30] Black converts the advantage convincingly.} (53. Nd5 $11 {
remains equal.} Bxd5 54. Rxd5) 53... Be7 $36 {[%emt 0:00:40][%csl Yd8,Yh4]
Black has strong initiative. This bishop pair is nice.} 54. Ra8 Bxh4 55. Rg4 (55. Rd2 $17 {was worth a try.
}) 55... Be7 $19 56. Nd3 (56. Kf2 $142) 56...
Ra1+ 57. Kg2 Bd5 ({Avoid
the trap} 57... Be6 $2 58. Rf4 $19) 58. Re8 Bc6 59. Rb8 Ra2+ 60. Kg3 $2 (60. Rb2 Rxb2+ 61. Nxb2) 60... Bxe4 {[%emt 0:00:24] Black is clearly winning.}
61. Rxe4 Bd6+ 62. Nf4 g5 63. Ree8 Bxf4+ 64. Kg4 Rg2+ 65. Kh3 Rg3+ 66. Kh2 Rxf3+ 67. Kg2 Rfxc3 {[%emt 0:00:16] ( -> ...Rg3+)} 68. Rh8+ Kg6 {[%emt 0:
00:12] Weighted Error Value: White=0.35/Black=0.17 (very precise)} 0-1

[Event "44th Chess Olympiad Open 2022"]
[Site "Chennai"]
[Date "2022.08.03"]
[Round "6.52"]
[White "Naser Eldean, Ahmed"]
[Black "Meddeb, Anis"]
[Result "0-1"]
[WhiteElo "1941"]
[BlackElo "2121"]
[Annotator "NA RC"]
[PlyCount "84"]
[EventDate "2022.??.??"]
[TimeControl "60"]

1. d4 d5 2. Nf3 e6 3. g3 Nf6 4. Bg2 Be7 5. O-O Ne4 6. c4 O-O 7. Nc3 f5 8. Ne5 Nc6 9. cxd5 exd5 10. Nxc6 bxc6 11. f3 Nxc3 12. bxc3 Ba6 13. f4 Re8 14. Re1 Bf8 15. Qc2 g6 16. Rb1 Rb8 17. Rxb8 Qxb8 18. e3 Qb6 19. g4 Bc8 20. c4 Be6 21. gxf5 Bxf5 22. Qb3 Qxb3 23. axb3 Bb4 24. Re2 Rd8 25. Ra2 a5 26. Bd2 Bb1 27. Rb2 Bd3 28. cxd5 cxd5 29. Bxb4 axb4 30. Ra2 c6 31. Bf1 Be4 32. Kf2 Rc8 33. Bh3 Rc7 34. Ra8+ Kf7 35. Rb8 Ra7 36. Rxb4 Ra2+ 37. Kg3 Re2 38. Bd7 Rxe3+ 39. Kg4 h6 40. f5 g5 41. Rb7 Kf6 42. h4 Bc2 0-1

[Event "44th Chess Olympiad Open 2022"]
[Site "Chennai"]
[Date "2022.08.03"]
[Round "6.53"]
[White "Berend, Elvira"]
[Black "Ortega Amarelle, Mariano"]
[Result "0-1"]
[WhiteElo "2333"]
[BlackElo "2463"]
[Annotator "TA"]
[PlyCount "76"]
[EventDate "2022.??.??"]
[TimeControl "60"]

1. d4 Nf6 2. Nf3 e6 3. Bg5 h6 4. Bh4 d6 5. e3 g5 6. Bg3 {[%emt 0:00:
09] A46:1 d4 Nf6 2 Nf3 e6: Torre, London and Colle Systems.} Nh5 7. c4 Bg7 8. Nc3 {[%emt 0:00:00] The
position is equal.} Nd7 9. Nd2 Ndf6 10. Be2 Nxg3 11. hxg3 {[%emt 0:00:31]
[#]} b6 $146 ({Predecessor:} 11... Qe7 12. Qc2 Bd7 13. Bf3
O-O-O 14. Qb3 c6 15. Qa3 Kb8 16. O-O-O e5 {1-0 (37) Tovmasian,V (2436)
-Polivanov,A (2413) Lvov 2012}) 12. Bf3 d5 13. cxd5 exd5 14. Qa4+ Bd7 15. Qc2 c6 16. Be2 O-O 17. Bd3 Qc8 18. Nf3 c5 19. Nxg5 $2 {[%emt 0:10:15] Loses the game.} cxd4 $19 {[%emt 0:
00:30] [#] Discovered Attack} ({Stronger than} 19... hxg5 20. Bh7+ Kh8 21. Be4+
Kg8 22. Bh7+ (22. Nxd5 Re8 $17) 22... Kh8 23. Be4+ Kg8 24. Bh7+ $11 (24. Nxd5
Re8 $17)) 20. Bh7+ Kh8 21. exd4 Re8+ ({Not} 21... hxg5 22. Bf5+ Kg8 23. Bh7+ Kh8 24. Bf5+
Kg8 25. Bh7+ Kh8 $11) 22. Kf1 hxg5 23. Bd3+ Kg8 24. Qd2 Bf5 25. Bb5 Ne4 26.
Nxe4 Rxe4 ({Worse is} 26... Bxe4 27. Bxe8
Qxe8 28. b3 $17) 27. Qxg5 Rxd4 28. Rh4 Re4 29. g4 Rxg4 30. Rxg4 Bxg4 31. Qxd5 Rb8 32. Qd6 Qd8 33. Qf4 Be6 34. Re1 {[%emt 0:
00:04] Black is clearly winning.} Rc8 35. a4 Qd4 36. Qg5 Rc2 {[%emt 0:00:39][%csl Gc2]
[%cal Rd4f2] [#]} 37. Re2 (37. Qg3 $142) 37... Rxe2 (37... Bc4 $142 {( -> ...Qd1#)} 38. Bxc4 Qxc4 39. Qd8+ Kh7) 38. Bxe2 Bc4 {[%emt 0:00:16] Weighted Error Value: White=0.55/Black=0.
19 (very precise)} 0-1

[Event "44th Chess Olympiad Open 2022"]
[Site "Chennai"]
[Date "2022.08.03"]
[Round "6.53"]
[White "Gengler, Pierre"]
[Black "Teixeira, Gil"]
[Result "1-0"]
[WhiteElo "2194"]
[BlackElo "1741"]
[Annotator "NA RC"]
[PlyCount "61"]
[EventDate "2022.??.??"]
[TimeControl "60"]

1. g3 d5 2. Bg2 c6 3. d3 Bf5 4. Nd2 Nf6 5. e4 Bg4 6. Ne2 e5 7. h3 Be6 8. O-O Bc5 9. exd5 cxd5 10. d4 Bd6 11. dxe5 Bxe5 12. Nf3 Nc6 13. Nxe5 Nxe5 14. Nf4 O-O 15. Re1 Qb8 16. Nxe6 fxe6 17. Bf4 Nfd7 18. h4 Rxf4 19. gxf4 Ng6 20. f5 Nxh4 21. fxe6 Nf6 22. Qd4 Nxg2 23. Kxg2 Qe8 24. Re3 Qg6+ 25. Rg3 Qf5 26. Re1 Nh5 27. Re5 Nxg3 28. Qxd5 Qg6 29. e7+ Kh8 30. Qd8+ Qe8 31. Qxa8 1-0

[Event "44th Chess Olympiad Open 2022"]
[Site "Chennai"]
[Date "2022.08.03"]
[Round "6.53"]
[White "Mirulla, David"]
[Black "Schartz, Alain"]
[Result "0-1"]
[WhiteElo "1953"]
[BlackElo "2086"]
[Annotator "NA RC"]
[PlyCount "79"]
[EventDate "2022.??.??"]
[TimeControl "60"]

1. e4 c5 2. Nf3 d6 3. d4 cxd4 4. Nxd4 Nf6 5. Nc3 a6 6. h3 e5 7. Nb3 Be6 8. g4 Nc6 9. g5 Nd7 10. Be3 Nb6 11. Qf3 Nc4 12. Bxc4 Bxc4 13. Nd5 Bxd5 14. exd5 Na5 15. Qe4 Nxb3 16. axb3 Be7 17. h4 Qd7 18. h5 f5 19. gxf6 Bxf6 20. Rg1 Rc8 21. Rg3 Qf7 22. O-O-O h6 23. Rg6 Qe7 24. Rdg1 Rf8 25. Qg4 Rd8 26. f4 Qd7 27. Qg2 Qf5 28. Re1 Kf7 29. fxe5 dxe5 30. Rg3 Qxh5 31. Rh1 Qf5 32. d6 Qd7 33. Bb6 Rc8 34. Bc7 Qc6 35. Qh3 Rfd8 36. Qh5+ Kf8 37. Rc3 Qd5 38. Rf1 Qg2 39. Qf5 Rd7 40. Rg3 0-1